 Dungeon Crawl Stone Soup version 0.26.1-11-gd32895ea62 (webtiles) character file.

Game seed: 5848159703355025587

3076 Almogavar the Thaumaturge (level 9, -9/47 HPs)
             Began as a Deep Elf Conjurer on May 17, 2021.
             Was a Follower of Sif Muna.
             Mangled by Harold
             ... wielding a +0 trident
              (26 damage)
             ... on level 8 of the Dungeon.
             The game lasted 00:34:59 (8376 turns).

Almogavar the Thaumaturge (Deep Elf Conjurer)       Turns: 8376, Time: 00:35:00

Health: -9/47      AC:  9    Str:  4    XL:     9   Next: 58%
Magic:  17/26      EV: 14    Int: 27    God:    Sif Muna [*.....]
Gold:   458        SH:  0    Dex: 13    Spells: 20/30 levels left

rFire    . . .     SeeInvis .   D - staff of conjuration
rCold    . . .     Faith    .   (no shield)
rNeg     . . .     Spirit   .   I - +0 steam dragon scales
rPois    .         Reflect  .   e - +0 helmet
rElec    .         Harm     .   a - +1 cloak {Will+}
rCorr    .         Rampage  .   d - +0 pair of gloves
Will     ++...                  (no boots)
Stlth    +++.......             y - amulet of regeneration
HPRegen  0.55/turn              s - ring of willpower
MPRegen  0.20/turn              (no ring)

@: no status effects
A: no striking features
a: Renounce Religion, Channel Magic


You were on level 8 of the Dungeon.
You worshipped Sif Muna.
Sif Muna was aware of your devotion.
You visited 2 branches of the dungeon, and saw 9 of its levels.
You also visited: Sewer.

You collected 458 gold pieces.

Inventory:

Hand Weapons
 r - a +1 scimitar of holy wrath
 w - the +10 short sword of Uskayaw's Castigation {flame, rF+}
   (You found it on level 5 of the Dungeon)

   It has been specially enchanted to burn those struck by it, causing extra
   injury to most foes and up to half again as much damage against particularly
   susceptible opponents.
   It protects you from fire.
 H - the +5 glaive of Instinct {vorpal, +Blink rF+++ Str-5 Dex+8}
   (You found it on level 7 of the Dungeon)

   It inflicts extra damage upon your enemies.
   It affects your strength (-5).
   It affects your dexterity (+8).
   It renders you almost immune to fire.
   It lets you blink.
Armour
 a - a +1 cloak of willpower (worn)
 d - a +0 pair of gloves (worn)
 e - a +0 helmet (worn)
 A - a +0 buckler
 I - +0 steam dragon scales (worn)
Magical Staves
 D - an uncursed staff of conjuration (weapon)
Jewellery
 s - a ring of willpower (left hand)
 y - an amulet of regeneration (around neck)
Wands
 g - a wand of paralysis (2)
 i - a wand of iceblast (14)
 k - a wand of polymorph (6)
 m - a wand of disintegration (14)
 x - a wand of flame (21)
 C - a wand of random effects (15)
 G - a wand of enslavement (16)
Scrolls
 c - 3 scrolls of teleportation
 f - a scroll of blinking
 h - 2 scrolls of enchant armour
 p - 2 scrolls of fear
 q - a scroll of magic mapping
 t - 2 scrolls of remove curse
 u - a scroll of summoning {unknown}
 B - 2 scrolls of enchant weapon {unknown}
 F - 2 scrolls of noise {unknown}
Potions
 b - 4 potions of heal wounds
 j - 2 potions of lignification
 l - 2 potions of brilliance
 n - 3 potions of curing
 o - 3 potions of might
 v - a potion of magic {unknown}
 z - 2 potions of invisibility {unknown}
 E - 2 potions of flight {unknown}


   Skills:
 + Level 1.1 Fighting
 + Level 4.4 Dodging
 + Level 5.8 Stealth
 + Level 11.2 Spellcasting
 + Level 10.6 Conjurations


You had 20 spell levels left.
You knew the following spells:

 Your Spells              Type           Power        Failure   Level
a - Magic Dart            Conj           100%         1%          1
b - Searing Ray           Conj           100%         1%          2
c - Dazzling Flash        Conj/Hex       100%         1%          3
d - Fulminant Prism       Conj/Hex       30%          4%          4

Your spell library contained the following spells:

 Spells                   Type           Power        Failure   Level
 Iskenderun's Mystic Bla  Conj/Tloc      60%          4%          4


Dungeon Overview and Level Annotations

Branches:
Dungeon (8/15)             Temple (1/1) D:6           Sewer (visited)
   Lair: D:8-11

Altars:
Dithmenos
Elyvilon
Sif Muna
Vehumet
Wu Jian
Zin
The Shining One

Shops:
D:5 ?

Portals:
Abyss: D:3

Annotations:
D:3 2 transporters, stil's ghost, amateur OpTm
D:8 3 runed translucent doors, Harold


Message History

The searing ray hits Harold.
Harold is moderately wounded.
Harold barely misses you.
The searing ray hits Harold!
Harold is heavily wounded.
Harold fires a harpoon shot at you. The harpoon shot hits you!
You are yanked forward by the harpoon shot.
Harold hits you with a +0 trident!
Casting: Searing Ray (safe; 1% risk of failure)
Confirm with . or Enter, or press ? or * to list all spells.
Aiming: Searing Ray (safe; 1% risk of failure)
Press: ? - help, Shift-Dir - straight line, f/p - Harold
Aim: Harold, wielding a +0 trident and wearing a +1 scale mail of willpower (heavily wounded, strong, 10% to evade)
You feel a surge of power!
The searing ray hits Harold!!
Harold is severely wounded. (Press . to maintain the ray.) Harold hits you with a +0 trident!!
Ouch! That really hurt!
You die...

### ..... #.. #.......
#.# # #..)...# #.####.#
......# #.#...
.....#.###.#.##.### .
..#.#.....@@...... .
#.#.#####.#......#
.######.#.###...#....#.#
#............)###....#
..........##### ..#...
.............. ....#.#
#........####.# #.### #
.##.###.## .# .##.# #.#


You could see Harold (strong).

Vanquished Creatures
  A wizard (D:7)
  Maggie (D:7)
  Grinder (D:6)
  A sky beast (D:6)
  A black bear (D:6)
  2 ogres
  Blork the orc (D:4)
  2 bullfrogs
  A scorpion (D:6)
  8 wights
  2 howler monkeys
  6 hounds
  A jelly (D:6)
  A bullfrog skeleton (D:5)
  4 orc priests
  Crazy Yiuf (D:6)
  Ijyb (D:3)
  Natasha (thrice) (D:4)
  Terence (D:2)
  2 orc wizards (D:7)
  4 worker ants
  A hound zombie (D:5)
  A hound skeleton (D:4)
  Robin (D:2)
  A howler monkey zombie (D:5)
  6 gnolls
  14 adders
  A shadow imp (D:5)
  A white imp (D:7)
  An ufetubus (D:5)
  An adder skeleton (D:5)
  An adder zombie (D:6)
  5 worms
  2 dart slugs
  2 leopard geckos
  15 orcs
  14 bats
  10 giant cockroaches
  16 hobgoblins
  8 jackals
  15 kobolds
  2 quokkas
  4 ball pythons
  15 frilled lizards
  21 goblins
  5 rats
208 creatures vanquished.

Vanquished Creatures (others)
  29 plants
29 creatures vanquished.

Grand Total: 237 creatures vanquished

Notes
Turn   | Place    | Note
-------+----------+-------------------------------------------
     0 | D:1      | Almogavar the Deep Elf Conjurer began the quest for the
                  | Orb.
     0 | D:1      | Reached XP level 1. HP: 10/10 MP: 6/6
   186 | D:1      | Reached XP level 2. HP: 15/15 MP: 6/8
   189 | D:1      | Learned a level 2 spell: Searing Ray
   308 | D:1      | Reached skill level 5 in Conjurations
   661 | D:1      | You fall into a shaft and drop 1 floor!
   663 | D:2      | Reached XP level 3. HP: 19/19 MP: 6/9
   666 | D:2      | Noticed Robin
  1122 | D:3      | Found a transporter.
  1127 | D:3      | Found a transporter.
  1139 | D:3      | Identified the +8 whip of the Original Sin {distort, Will++
                  | Str+3}
  1139 | D:3      | Noticed a big kobold
  1176 | D:3      | Found a one-way gate to the infinite horrors of the Abyss.
  1176 | D:3      | Noticed stil's ghost (amateur OpTm)
  1214 | D:3      | Reached XP level 4. HP: 24/24 MP: 8/11
  1455 | D:2      | Noticed Terence
  1463 | D:2      | Killed Terence
  1464 | D:2      | Reached skill level 4 in Spellcasting
  1701 | D:2      | Found a radiant altar of Vehumet.
  1705 | D:2      | Reached XP level 5. HP: 28/28 MP: 8/13
  1812 | D:2      | Killed Robin
  2153 | D:2      | Found a white marble altar of Elyvilon.
  2159 | D:2      | Found a shadowy altar of Dithmenos.
  2433 | D:3      | Noticed Ijyb
  2446 | D:3      | Killed Ijyb
  2618 | D:3      | Found a glowing silver altar of Zin.
  2619 | D:3      | Noticed an angel
  2659 | D:4      | Noticed Natasha
  2665 | D:4      | Killed Natasha
  2666 | D:4      | Reached skill level 5 in Spellcasting
  2847 | D:4      | Noticed Natasha
  2853 | D:4      | Killed Natasha
  2854 | D:4      | Reached XP level 6. HP: 32/32 MP: 9/15
  2938 | D:4      | Found a glowing drain.
  2951 | Sewer    | Entered a sewer
  3910 | D:4      | Noticed Natasha
  3917 | D:4      | Killed Natasha
  3976 | D:4      | Noticed Blork the orc
  3984 | D:4      | Killed Blork the orc
  3985 | D:4      | Reached skill level 6 in Spellcasting
  4535 | D:4      | Learned a level 3 spell: Dazzling Flash
  4547 | D:5      | Entered Level 5 of the Dungeon
  4550 | D:5      | Reached XP level 7. HP: 36/36 MP: 14/18
  4695 | D:5      | Found Ganaakhlyng's Magic Scroll Emporium.
  5017 | D:5      | Reached skill level 7 in Spellcasting
  5360 | D:5      | Found a white marble altar of Elyvilon.
  5377 | D:5      | Got a scorched short sword
  5378 | D:5      | Identified the +10 short sword of Uskayaw's Castigation
                  | {flame, rF+} (You found it on level 5 of the Dungeon)
  5791 | D:6      | Reached XP level 8. HP: 31/42 MP: 19/21
  5997 | D:6      | Reached skill level 8 in Spellcasting
  6128 | D:6      | Reached skill level 5 in Stealth
  6355 | D:6      | Found a runed translucent door.
  6356 | D:6      | Noticed Crazy Yiuf
  6444 | D:6      | Noticed Grinder
  6453 | D:6      | Killed Grinder
  6454 | D:6      | Reached skill level 9 in Spellcasting
  6796 | D:6      | Reached skill level 1 in Fighting
  6853 | D:6      | Found a staircase to the Ecumenical Temple.
  6864 | Temple   | Entered the Ecumenical Temple
  6880 | Temple   | Became a worshipper of Sif Muna the Loreminder
  6967 | D:6      | Killed Crazy Yiuf
  7168 | D:7      | Noticed Maggie
  7182 | D:7      | Killed Maggie
  7183 | D:7      | Reached skill level 10 in Spellcasting
  7183 | D:7      | Reached XP level 9. HP: 32/47 MP: 11/25
  7493 | D:7      | Reached skill level 10 in Conjurations
  7655 | D:7      | Noticed a wizard
  7662 | D:7      | Killed a wizard
  7663 | D:7      | Reached skill level 11 in Spellcasting
  7687 | D:7      | Reached * piety under Sif Muna
  7727 | D:7      | Learned a level 4 spell: Fulminant Prism
  7763 | D:7      | Got a fading glaive
  7764 | D:7      | Lost strength.
  7764 | D:7      | Identified the +5 glaive of Instinct {vorpal, +Blink rF+++
                  | Str-5 Dex+8} (You found it on level 7 of the Dungeon)
  8131 | D:7      | Found a shimmering blue altar of Sif Muna.
  8279 | D:8      | Found a runed translucent gate.
  8279 | D:8      | Found a runed translucent gate.
  8279 | D:8      | Found a runed translucent gate.
  8314 | D:8      | Noticed Harold
  8376 | D:8      | Mangled by Harold

Illustrated notes

Levels and vault maps discovered:
D:1:      tarquinn_simple_flora_water_e, layout_basic
D:2:      layout_rooms, general_overflow_altar, amethyst_overflow_temple_binary,
          serial_bayou, serial_bayou_pond_e, serial_bayou_shore_b,
          serial_bayou_ford_a, serial_bayou_lake_a,
          corexii_hall_statues_deadend, uniq_terence, uniq_robin
D:3:      layout_rooms, zin_angel, gammafunk_ghost_abyssal_escape, uniq_ijyb
D:4:      layout_rooms, cheibrodos_sewer_entry_sluice, uniq_natasha,
          uniq_blork_the_orc
D:5:      layout_basic, serial_shops, shop, elyvilon_altar_5
D:6:      layout_loops_cross, minmay_temple_entry_drinking_statues,
          uniq_grinder, uniq_crazy_yiuf_cottage
D:7:      cheibrodos_wizards_tower, layout_loops_ring, tgw_sif, uniq_maggie
D:8:      minmay_bloctagon, layout_basic, gammafunk_ghost_spectres, basic_altar,
          kennysheep_cluttered_room, uniq_harold
Temple:   compressed_dpeg_circular_temple

Skill      XL: |  1  2  3  4  5  6  7  8  9 |
---------------+----------------------------+-----
Conjurations   | 5 6 7 8 9 10 | 10.6
Spellcasting   | 4 5 6 7 10 11 | 11.2
Stealth        | 3 4 5 |  5.8
Dodging        | 3 4 |  4.4
Fighting       | 1 |  1.1

Action                   |  1- 3 |  4- 6 |  7- 9 || total
-------------------------+-------+-------+-------++-------
Melee: Rapier            |       |     3 |     6 ||     9
       Short sword       |       |       |    12 ||    12
 Cast: Magic Dart        |    56 |    91 |    97 ||   244
       Searing Ray       |    11 |    22 |    48 ||    81
  Use: Scroll            |       |     7 |     3 ||    10
 Stab: Sleeping          |       |       |     1 ||     1
Armor: Robe              |     1 |     6 |     3 ||    10
       Steam dragon scal |       |       |     2 ||     2
Dodge: Dodged            |     4 |    25 |    30 ||    59
